 Dungeon Crawl Stone Soup version 0.30-a0-782-ge64f9170bb (webtiles) character file.

Game seed: 15950020113290687467

17673 KleinerIrrer the Gelid (level 12, -4/74 HPs)
             Began as a Demonspawn Ice Elementalist on Feb 19, 2023.
             Was an Elder of Sif Muna.
             Slain by a sixfirhy (11 damage)
             ... summoned by an orc high priest
             ... on level 2 of the Orcish Mines.
             The game lasted 00:41:51 (14776 turns).

KleinerIrrer the Gelid (DsIE)                      Turns: 14776, Time: 00:41:51

Health: -4/74      AC:  8    Str:  8    XL:     12   Next: 21%
Magic:  23/26      EV: 11    Int: 21    God:    Sif Muna [****..]
Gold:   1660       SH:  6    Dex: 15    Spells: 21/32 levels left

rFire   . . .      SeeInvis +    a - +2 dagger (venom)
rCold   . . .      Faith    .    (no shield)
rNeg    . . .      Spirit   .    P - +0 troll leather armour
rPois   .          Reflect  .    (helmet unavailable)
rElec   .          Harm     .    S - +0 cloak
rCorr   .          Rampage  .    c - +2 pair of gloves
Will    .....                    (no boots)
Stlth   ++                       l - amulet of regeneration
HPRegen 1.92/turn                (no ring)
MPRegen 0.20/turn                (no ring)

@: mighty, about to teleport
A: antennae 3, large bone plates 2, powered by pain 1, spiny 1
a: Renounce Religion, Channel Magic, Forget Spell, Divine Exegesis


You were on level 2 of the Orcish Mines.
You worshipped Sif Muna.
Sif Muna was greatly pleased with you.
You visited 4 branches of the dungeon, and saw 16 of its levels.
You also visited: Bailey.

You collected 1686 gold pieces.
You spent 26 gold pieces at shops.

Inventory:

Hand Weapons
 a - a +2 dagger of venom (weapon)
 i - a +2 hand axe of electrocution
 F - a +2 long sword of distortion
Missiles
 e - 13 javelins
Armour
 c - a +2 pair of gloves (worn)
 f - a +2 robe of the Archmagi
 P - a +0 troll leather armour (worn)
 S - a +0 cloak (worn)
Jewellery
 l - an amulet of regeneration (around neck)
 s - an amulet of faith
 t - a +6 ring of intelligence
 G - a +6 ring of intelligence
 H - a +6 ring of intelligence
 I - a ring of protection from cold
Wands
 r - a wand of iceblast (12)
 B - a wand of acid (19)
Scrolls
 d - a scroll of immolation
 g - 3 scrolls of poison
 m - a scroll of noise
 p - a scroll of enchant weapon {unknown}
 w - a scroll of enchant armour {unknown}
 y - a scroll of butterflies {unknown}
 A - a scroll of acquirement {unknown}
 K - a scroll of fog
 L - a scroll of silence {unknown}
 M - a scroll of amnesia
Potions
 b - a potion of magic
 n - 5 potions of might
 o - 4 potions of mutation
 q - a potion of haste
 u - a potion of ambrosia {unknown}
 x - a potion of lignification {unknown}
 D - 2 potions of resistance {unknown}
 E - a potion of berserk rage {unknown}
 J - a potion of attraction {unknown}
 N - 2 potions of brilliance {unknown}
 O - a potion of flight
 Q - a potion of curing
 R - a potion of invisibility {unknown}


   Skills:
 - Level 3.0 Armour
 - Level 1.7 Dodging
 - Level 1.7 Stealth
 + Level 10.8 Spellcasting
 * Level 15.2 Ice Magic


You had 21 spell levels left.
You knew the following spells:

 Your Spells              Type           Power      Damage    Failure   Level
a - Freeze                Ice            100%       1d10      0%          1
b - Frozen Ramparts       Ice            100%       1d16      1%          3
c - Ozocubu's Armour      Ice            66%        N/A       1%          3
d - Summon Ice Beast      Ice/Summ       43%        N/A       3%          4

Your spell library contained the following spells:

 Spells                   Type           Power      Damage    Failure   Level
 Ice Form                 Ice/Tmut       43%        N/A       3%          4
 Beastly Appendage        Tmut           22%        N/A       9%          1
 Sting                    Tmut/Pois      44%        1d5       9%          1
 Poisonous Vapours        Pois/Air       22%        N/A       13%         2
 Wereblood                Tmut           11%        N/A       13%         2
 Inner Flame              Hex/Fire       11%        N/A       26%         3
 Portal Projectile        Hex/Tloc       22%        N/A       26%         3
 Spider Form              Tmut/Pois      11%        N/A       26%         3
 Summon Guardian Golem    Hex/Summ       11%        N/A       26%         3
 Tukima's Dance           Hex            11%        N/A       26%         3
 Animate Dead             Necr           11%        N/A       63%         4
 Cause Fear               Hex            5%         N/A       63%         4
 Flame Wave               Conj/Fire      11%        2d6       63%         4
 Leda's Liquefaction      Hex/Erth       5%         N/A       63%         4
 Olgreb's Toxic Radiance  Pois           11%        N/A       63%         4
 Sticky Flame             Conj/Fire      11%        2d3       63%         4
 Blade Hands              Tmut           5%         N/A       93%         5
 Borgnjor's Vile Clutch   Necr/Erth      5%         N/A       93%         5
 Lee's Rapid Deconstruct  Erth           5%         3d6*      93%         5
 Death Channel            Necr           5%         N/A       100%        6
 Statue Form              Tmut/Erth      7%         N/A       100%        6
 Orb of Destruction       Conj           5%         9d5       100%        7
 Spellforged Servitor     Conj/Summ      5%         N/A       100%        7
 Discord                  Hex            5%         N/A       100%        8


Dungeon Overview and Level Annotations

Branches:
Dungeon (11/15)            Temple (1/1) D:4            Lair (2/5) D:8
    Orc (2/2) D:11            Elf (0/3) Orc:2        Bailey (visited)
  Swamp: Lair:2-3    Shoals: Lair:2-3     Snake: Lair:2-3    Spider: Lair:2-3

Altars:
Fedhas
Makhleb
Okawaru
Sif Muna
Uskayaw
Vehumet
Wu Jian
Xom
Yredelemnul

Shops:
D:4 *?   D:11 *

Annotations:
D:5 3 runed translucent doors, Goldberg's ghost, novice HuFi


Innate Abilities, Weirdness & Mutations

You have a pair of large antennae on your head. (SInv)
You are mostly covered in large bone plates. (SH +6)
You sometimes gain a little power by taking damage.
You are partially covered in sharp spines.


Message History

Okay, then.
Your icy armour will break if you move.
Continue?
Uppercase [Y]es or [N]o only, please.
Your icy armour will break if you move.
Continue?
The orc knight attacks as you move away!
You block the orc knight's attack.
Your icy armour cracks and falls away as you move.
The orc knight unwields a +0 long sword.
The orc knight wields a +0 arbalest.
The orc knight shoots a bolt.
The bolt barely misses you.
Your surroundings suddenly seem different.
An orc high priest, a warg, 3 orc warriors and 3 orcs come into view.
The orc warrior shouts! x2; The orc shouts! x2; The orc warrior shouts!
You hear a shout! x3
An orc priest comes into view. It is wielding a +0 dagger. x2
You block the orc warrior's attack.
An orc comes into view. It is wielding a +0 dagger.
You hear a shout!
As you read the scroll of teleportation, it crumbles to dust.
You feel strangely unstable.
The orc high priest prays to Beogh.
The orc warrior barely misses you.
You hear a shout!
As you read the scroll of fog, it crumbles to dust.
The scroll dissolves into smoke.
The sixfirhy is struck by your spines. The sixfirhy hits you.
The sixfirhy shocks you! The orc warrior closely misses you.
The orc warrior misses you.
The orc warrior attacks as you move away!
The orc warrior hits you but does no damage.
The orc warrior attacks as you move away!
The orc warrior is struck by your spines.
The orc warrior closely misses you. The sixfirhy hits you.
The sixfirhy shocks you!
* * * LOW HITPOINT WARNING * * *
The sixfirhy is struck by your spines.
The sixfirhy hits you but does no damage.
The sixfirhy is struck by your spines. The sixfirhy hits you!
* * * LOW HITPOINT WARNING * * *
The sixfirhy shocks you!
You die...

............
##.........o##
#..^o.{.o..o.#
#...........#
#....h.oo...#
#.§§§§.o...#
##.§§3o....##
#..§@§oo....#
##.####§....#
# ....# ...#
..# .# #


You could see a sixfirhy (summoned) and 2 orc warriors.

Vanquished Creatures
  A death yak (D:8)
  A two-headed ogre (Orc:2)
  A boulder beetle (D:11)
  2 orc high priests (Orc:2)
  2 orc knights (Orc:2)
  A cyclops (Orc:1)
  An ugly thing (D:9)
  An elephant (Lair:1)
  A black mamba (Lair:1)
  A kobold demonologist (D:9)
  2 komodo dragons (Lair:1)
  4 trolls
  A hornet (D:10)
  2 blink frogs (Lair:2)
  7 yaks
  A shadow (D:10)
  A wraith (D:9)
  2 wyverns
  A steam dragon (D:7)
  A fire elemental (Lair:1)
  4 basilisks
  6 wargs
  3 water moccasins (Lair:1)
  20 orc warriors
  4 sky beasts
  2 black bears
  3 ogres (Orc:2)
  8 wolves (Lair:1)
  2 centaurs (D:10)
  A kobold brigand (D:8)
  Blork the orc (D:5)
  4 bullfrogs
  2 necrophages (D:6)
  2 scorpions (D:5)
  7 wights
  9 killer bees
  2 howler monkeys (D:4)
  4 lava snakes (Lair:1)
  8 orc priests
  4 hounds
  A gnoll bouda (D:7)
  2 iguanas
  6 jellies
  12 orc wizards
  12 adders
  10 gnolls
  2 nameless horrors
  An ufetubus (D:5)
  6 dart slugs
  74 orcs
  A bat (D:1)
  8 endoplasms
  5 giant cockroaches
  3 hobgoblins
  7 jackals (D:3)
  4 quokkas
  8 ball pythons
  3 frilled lizards (D:1)
  9 goblins
  10 kobolds
  10 rats
324 creatures vanquished.

Vanquished Creatures (collateral kills)
  An orc high priest (Orc:2)
  2 orc priests (Orc:2)
3 creatures vanquished.

Vanquished Creatures (others)
  8 fungi
  26 plants
34 creatures vanquished.

Grand Total: 361 creatures vanquished

Notes
Turn   | Place    | Note
-------+----------+-------------------------------------------
     0 | D:1      | KleinerIrrer the Demonspawn Ice Elementalist began the
                  | quest for the Orb.
     0 | D:1      | Reached XP level 1. HP: 13/13 MP: 3/3
   229 | D:1      | Gained mutation: You are partially covered in large bone
                  | plates. (SH +4) [demonic ancestry]
   229 | D:1      | Reached XP level 2. HP: 19/19 MP: 3/5
   302 | D:1      | Reached skill level 4 in Ice Magic
   964 | D:2      | Reached XP level 3. HP: 24/24 MP: 4/6
  1152 | D:2      | Learned a level 3 spell: Frozen Ramparts
  1414 | D:2      | Reached XP level 4. HP: 24/30 MP: 1/8
  1455 | D:2      | Learned a level 3 spell: Ozocubu's Armour
  1909 | D:3      | Reached skill level 5 in Ice Magic
  2023 | D:3      | Gained mutation: You have a pair of small antennae on your
                  | head. [demonic ancestry]
  2023 | D:3      | Reached XP level 5. HP: 35/35 MP: 5/9
  3059 | D:4      | Reached XP level 6. HP: 35/41 MP: 6/11
  3078 | D:4      | Reached skill level 6 in Ice Magic
  3296 | D:4      | Found Ycem's Mass Market.
  3402 | D:4      | Found a staircase to the Ecumenical Temple.
  3549 | Temple   | Entered the Ecumenical Temple
  3651 | Temple   | Became a worshipper of Sif Muna the Loreminder
  3723 | D:4      | Found Xadivvedd's Magic Scroll Emporium.
  4041 | D:5      | Entered Level 5 of the Dungeon
  4138 | D:5      | Found a runed translucent gate.
  4138 | D:5      | Found a runed translucent gate.
  4138 | D:5      | Noticed Goldberg's ghost (novice HuFi)
  4139 | D:5      | Found a runed translucent gate.
  4140 | D:5      | Identified the +0 leather armour "Hysm" {*Corrode rElec
                  | rPois Regen+}
  4159 | D:5      | Noticed a wyvern
  4173 | D:5      | Killed a wyvern
  4174 | D:5      | Gained mutation: You are partially covered in sharp spines.
                  | [demonic ancestry]
  4174 | D:5      | Reached XP level 7. HP: 8/46 MP: 3/13
  4283 | D:5      | Reached skill level 7 in Ice Magic
  4496 | D:5      | Noticed Blork the orc
  4509 | D:5      | Killed Blork the orc
  5248 | D:6      | Reached skill level 5 in Spellcasting
  5442 | D:6      | Reached skill level 8 in Ice Magic
  5442 | D:6      | Gained mutation: You have a pair of antennae on your head.
                  | [demonic ancestry]
  5442 | D:6      | Reached XP level 8. HP: 52/52 MP: 11/15
  6194 | D:7      | Reached * piety under Sif Muna
  6238 | D:7      | Reached skill level 9 in Ice Magic
  6636 | D:7      | Reached XP level 9. HP: 31/55 MP: 8/18
  7198 | D:8      | Reached skill level 10 in Ice Magic
  7318 | D:8      | Noticed a death yak
  7350 | D:8      | Reached ** piety under Sif Muna
  7415 | D:8      | Learned a level 4 spell: Summon Ice Beast
  7591 | D:8      | Reached skill level 11 in Ice Magic
  7761 | D:8      | Found an iron altar of Okawaru.
  7847 | D:8      | Found a staircase to the Lair.
  8201 | D:8      | Noticed a nameless horror
  8204 | D:8      | Killed a nameless horror
  8211 | D:8      | Killed a death yak
  8212 | D:8      | Gained mutation: You sometimes gain a little power by
                  | taking damage. [demonic ancestry]
  8212 | D:8      | Reached XP level 10. HP: 48/63 MP: 2/22
  8752 | D:9      | Noticed a green ugly thing
  8770 | D:9      | Killed a green ugly thing
  8771 | D:9      | Reached skill level 1 in Armour
  8771 | D:9      | Reached skill level 12 in Ice Magic
  9771 | Lair:1   | Entered Level 1 of the Lair of Beasts
 10075 | Lair:1   | Noticed a black mamba
 10085 | Lair:1   | Killed a black mamba
 10328 | Lair:1   | Gained mutation: You have a pair of large antennae on your
                  | head. (SInv) [demonic ancestry]
 10328 | Lair:1   | Reached XP level 11. HP: 66/68 MP: 15/24
 10421 | Lair:1   | Reached *** piety under Sif Muna
 10422 | Lair:1   | Reached skill level 13 in Ice Magic
 11363 | D:10     | Entered Level 10 of the Dungeon
 11469 | D:10     | Found a flagged portal.
 11479 | Bailey   | Entered a bailey
 12327 | D:10     | Identified the +0 scale mail of Ecriuf Ukasch {Str+5}
 12606 | D:10     | Found an ornate altar of the Wu Jian Council.
 12899 | D:10     | Found a radiant altar of Vehumet.
 13055 | D:11     | Found a staircase to the Orcish Mines.
 13073 | D:11     | Noticed a boulder beetle
 13093 | D:11     | Killed a boulder beetle
 13094 | D:11     | Reached skill level 14 in Ice Magic
 13123 | D:11     | Found Rol Kof's General Store.
 13132 | D:11     | Bought a scroll of identify for 26 gold pieces
 13184 | Orc:1    | Entered Level 1 of the Orcish Mines
 13272 | Orc:1    | Reached skill level 10 in Spellcasting
 13383 | Orc:1    | Reached **** piety under Sif Muna
 13743 | Orc:2    | Entered Level 2 of the Orcish Mines
 13849 | Orc:2    | Noticed an orc high priest
 13876 | Orc:2    | Killed an orc high priest
 13904 | Orc:2    | Noticed a two-headed ogre
 13916 | Orc:2    | Killed a two-headed ogre
 13953 | Orc:2    | Noticed an orc high priest
 13969 | Orc:2    | Killed an orc high priest
 14086 | Orc:2    | Gained mutation: You are mostly covered in large bone
                  | plates. (SH +6) [demonic ancestry]
 14086 | Orc:2    | Reached XP level 12. HP: 74/74 MP: 19/26
 14292 | Orc:2    | Noticed an orc high priest
 14347 | Orc:2    | Reached skill level 15 in Ice Magic
 14349 | Orc:2    | Killed an orc high priest
 14608 | Orc:2    | Found a staircase to the Elven Halls.
 14773 | Orc:2    | Noticed an orc high priest
 14776 | Orc:2    | Slain by a sixfirhy

Illustrated notes

Levels and vault maps discovered:
D:1:      minmay_arrival_four_circles, layout_loops_ring, st_stairs_8
D:2:      minmay_evil_eye, layout_loops_cross, minmay_misc_feat_tiny
D:3:      layout_basic
D:4:      layout_loops_ring, minmay_temple_entry_fiery, grunt_decor_arrowhead,
          nicolae_take_the_stairs, minmay_shop_mass, minmay_door_square,
          hangedman_decor_lopped
D:5:      layout_basic, serial_glass, glass_columns_a, glass_columns_a,
          item_on_display_a, due_unseen_surprise, biasface_ghost_orc_armoury,
          kennysheep_generic_room_11, uniq_blork_the_orc
D:6:      layout_loops_ring
D:7:      layout_loops_cross
D:8:      layout_basic, marbit_many_paths, david_lair_generic
D:9:      layout_layer_cave
D:10:     layout_cave_pods, enter_bailey_3, hangedman_feature_mirror
D:11:     layout_long_grid, orc_0_dummy, serial_shops, shop,
          cheibrodos_worm_habitat, uniq_fannar
Temple:   roderic_octagonal_lattice_temple
Lair:1:   layout_gridlike, serial_bayou_shore_b, lemuel_fruit_fields,
          grunt_megastairs_3
Lair:2:   layout_loops_ring, minmay_swamp_entry_wisps
Orc:1:    cheibrodos_orc_guarddog, layout_diamond_mine, basic_altar,
          serial_shops, nicolae_shop_trees, uniq_erica
Orc:2:    st_orc_pillars, layout_caves, bh_open_orc_temple

Skill      XL: |  1  2  3  4  5  6  7  8  9 10 11 12 |
---------------+-------------------------------------+-----
Ice Magic      | 4 5 6 8 9 11 12 14 15 | 15.2
Spellcasting   | 3 4 5 6 8 9 10 | 10.8
Armour         | 3 |  3.0
Dodging        | |  1.7
Stealth        | |  1.7

Action                     |  1- 3 |  4- 6 |  7- 9 | 10-12 || total
---------------------------+-------+-------+-------+-------++-------
  Melee: Unarmed           |     6 |       |       |       ||     6
         Dagger            |    25 |     8 |    23 |    39 ||    95
         Punch             |     1 |       |       |       ||     1
         Quarterstaff      |       |    17 |       |       ||    17
   Cast: Freeze            |    39 |    38 |    66 |    97 ||   240
         Frozen Ramparts   |     3 |    24 |    35 |    88 ||   150
         Ozocubu's Armour  |       |     1 |    14 |    40 ||    55
         Summon Ice Beast  |       |       |     3 |     6 ||     9
  Evoke: Wand              |       |       |     2 |       ||     2
    Use: Potion            |       |     5 |     2 |     4 ||    11
         Scroll            |       |       |     2 |    12 ||    14
   Stab: Sleeping          |       |     1 |       |       ||     1
 Armour: Robe              |     4 |    11 |    36 |     2 ||    53
         Troll leather arm |       |       |       |    59 ||    59
  Dodge: Dodged            |    33 |    36 |    70 |   189 ||   328
  Block: Other             |     3 |     5 |    29 |    52 ||    89

Table legend: (Time is in decaauts)
 A = Elapsed time spent in this place.
 B = Non-inter-level travel time spent in this place.
 C = Inter-level travel time spent in this place.
 D = Time resting spent in this place.
 E = Time spent auto-exploring this place.
 F = Levels seen in this place.
 G = Mean time per level.
                   A        B        C        D        E       F      G
               +--------+--------+--------+--------+--------+-----+--------+
         Total |  14805 |  14011 |    794 |    659 |  10464 |  17 |  870.9 |
       Dungeon |  10932 |  10406 |    526 |    202 |   8462 |  11 |  993.8 |
        Temple |    123 |     70 |     53 |      0 |     65 |   1 |  123.0 |
          Lair |   1559 |   1493 |     66 |     49 |   1120 |   2 |  779.5 |
  Orcish Mines |   1593 |   1445 |    148 |    225 |    688 |   2 |  796.5 |
        Bailey |    595 |    595 |      0 |    183 |    128 |   1 |  595.0 |
               +--------+--------+--------+--------+--------+-----+--------+

Top non-repeatable levels by time:
  Lair:1: 1380 daAuts
     D:9: 1357 daAuts
     D:8: 1240 daAuts
     D:7: 1209 daAuts
     D:4: 1171 daAuts
     D:5: 1053 daAuts
     D:2: 989 daAuts
     D:6: 977 daAuts
     D:1: 953 daAuts
    D:10: 943 daAuts
   Orc:2: 940 daAuts
     D:3: 796 daAuts
   Orc:1: 652 daAuts
  Bailey: 595 daAuts
    D:11: 241 daAuts
